 Dungeon Crawl Stone Soup version 0.23.2-40-g277498a001 (webtiles) character file.

Game seed: 10828579529978909124

210 Nivan the Shield-Bearer (level 5, -2/47 HPs)
             Began as a Minotaur Fighter on Oct 9, 2019.
             Was an Initiate of Okawaru.
             Slain by a sky beast (5 damage)
             ... on level 3 of the Dungeon.
             The game lasted 00:08:15 (2492 turns).

Nivan the Shield-Bearer (Minotaur Fighter)          Turns: 2492, Time: 00:08:16

Health: -2/47      AC:  9    Str: 22    XL:     5   Next: 56%
Magic:  4/4        EV:  4    Int:  5    God:    Okawaru [......]
Gold:   161        SH: 12    Dex:  9    Spells: 4/4 levels left

rFire    . . .     SeeInvis .   a - +0 war axe
rCold    . . .     Gourm    .   m - -2 large shield (curse)
rNeg     . . .     Faith    .   s - +0 chain mail
rPois    .         Spirit   .   (helmet restricted)
rElec    .         Reflect  .   (no cloak)
rCorr    .         Harm     .   (no gloves)
MR       .....                  (no boots)
Stlth    ..........             (no amulet)
HPRegen  0.15/turn              (no ring)
MPRegen  0.09/turn              (no ring)

@: no status effects
A: retaliatory headbutt, horns 2
a: Renounce Religion


You were on level 3 of the Dungeon.
You worshipped Okawaru.
Okawaru was noncommittal.
You were hungry.

You visited 1 branch of the dungeon, and saw 3 of its levels.

You collected 161 gold pieces.

Inventory:

Hand Weapons
 a - a +0 war axe (weapon)
Armour
 b - a +0 scale mail
 c - a +0 shield
 m - a cursed -2 large shield (worn)
 s - a +0 chain mail (worn)
Scrolls
 e - a scroll of fear
 i - a scroll of enchant weapon {unknown}
 j - 3 scrolls of remove curse {unknown}
 k - 2 scrolls of amnesia {unknown}
 n - a scroll of blinking {unknown}
 t - a scroll of identify {unknown}
Potions
 d - a potion of might
 g - a potion of heal wounds {unknown}
 h - a potion of degeneration {unknown}
 l - a potion of lignification {unknown}
 p - a potion of resistance {unknown}
 q - 2 potions of agility {unknown}
 r - 2 potions of curing {unknown}
 u - a potion of haste {unknown}
Comestibles
 f - 4 rations
 o - a chunk of flesh


   Skills:
 + Level 4.5 Fighting
 + Level 4.1 Axes
 + Level 4.8 Armour
 + Level 1.7 Dodging
 + Level 4.9 Shields


You had 4 spell levels left.
You didn't know any spells.
Your spell library was empty.

Dungeon Overview and Level Annotations

Branches:
Dungeon (3/15)

Altars:
Okawaru


Innate Abilities, Weirdness & Mutations

You reflexively headbutt those who attack you in melee.
You have a pair of horns on your head.


Message History

* * * LOW HITPOINT WARNING * * *
There is a large open door here.
There is a large open door here.
A sky beast appears from thin air!
Reactivating autopickup.
You miss the sky beast.
The sky beast is heavily wounded.
The sky beast barely misses you.
You barely miss the sky beast. Your headbutt misses the sky beast.
The sky beast is heavily wounded.
The sky beast hits you.
* * * LOW HITPOINT WARNING * * *
The sky beast shocks you.
* * * LOW HITPOINT WARNING * * *
You miss the sky beast. Your headbutt misses the sky beast.
The sky beast is heavily wounded.
You block the sky beast's attack. The sky beast hits you.
* * * LOW HITPOINT WARNING * * *
The sky beast shocks you.
You die...

#.#.........###....######.#
#.#.........+ #....##......
#<..........#.#....##.####.
###.#.........+.........####.
#.............#...........)..
#.#...♣...#...#......<....###
#....♣.♣....#.#.####.####.#..
#...♣.♣.♣...#Y# ... #[#..
#..♣.♣.♣.♣..@.# #... #.#..
#.♣.♣._.♣.♣...# #... #.###
#..♣.♣.♣.♣..######... #.#
#...♣.♣.♣........+... #.#
#....♣.♣....######...
#.#...♣...#...#
#........)†.#.#
########.#(.#.# #.#..#.#


You could see a sky beast.

Vanquished Creatures
  A centaur (D:2)
  Terence (D:3)
  2 adders (D:3)
  2 oozes
  4 leopard geckos
  An orc (D:3)
  6 hobgoblins
  11 jackals
  12 kobolds
  A quokka (D:3)
  3 ball pythons
  6 bats
  3 frilled lizards
  11 goblins
  11 rats
75 creatures vanquished.

Notes
Turn   | Place    | Note
-------+----------+-------------------------------------------
     0 | D:1      | Nivan the Minotaur Fighter began the quest for the Orb.
     0 | D:1      | Reached XP level 1. HP: 19/19 MP: 0/0
   236 | D:1      | Reached XP level 2. HP: 22/27 MP: 1/1
   693 | D:1      | Reached XP level 3. HP: 33/33 MP: 2/2
   695 | D:1      | Reached skill level 1 in Dodging
  1120 | D:2      | Noticed a centaur
  1130 | D:2      | Killed a centaur
  1130 | D:2      | Reached XP level 4. HP: 27/41 MP: 3/3
  1359 | D:2      | Reached XP level 5. HP: 46/47 MP: 4/4
  1654 | D:3      | Noticed Terence
  1676 | D:3      | Killed Terence
  2048 | D:3      | Noticed a sky beast
  2398 | D:3      | Found an iron altar of Okawaru.
  2418 | D:3      | Became a worshipper of Warmaster Okawaru
  2492 | D:3      | Slain by a sky beast

Skill      XL: |  1  2  3  4  5 |
---------------+----------------+-----
Armour         | 4 |  4.8
Fighting       | 4 |  4.5
Dodging        | 1 |  1.7
Shields        | 4 |  4.9
Axes           | 3 4 |  4.1

Action                   |  1- 3 |  4- 6 || total
-------------------------+-------+-------++-------
Melee: War axe           |    96 |   129 ||   225
       Headbutt          |    10 |    20 ||    30
  Use: Scroll            |     1 |       ||     1
       Potion            |       |     1 ||     1
  Eat: Chunk             |     1 |     4 ||     5
Armor: Scale mail        |    46 |    12 ||    58
       Chain mail        |       |    77 ||    77
Dodge: Dodged            |    32 |    19 ||    51
Block: Shield            |    41 |       ||    41
       Large shield      |    27 |   102 ||   129
